[ AOE2 MATCH · #504658064 ]
UnrankedSlavs vs Mongols
Player's team · WIN
Rival team · LOSS
[ REPLAY ANALYSIS · EXTRACTED FROM THE RECORDED GAME ]
Feudal
12:52
Castle
18:40
Imperial
—
| APM avg | 51.1 |
| APM peak | 112 |
| eAPM avg | 25.3 |
| Villagers / military | 72 / 49 |
Focus
⚔️ 47.6% · 🌾 52.4%
Scout Cavalry ×31 · Knight ×10 · Militia ×5 · Mangonel ×3
Feudal
9:41
Castle
23:56
Imperial
—
| APM avg | 81.2 |
| APM peak | 140 |
| eAPM avg | 37.0 |
| Villagers / military | 81 / 27 |
Focus
⚔️ 51.0% · 🌾 49.0%
Archer ×14 · Steppe Lancer ×6 · Camel Scout ×3 · Monk ×2 · Mangonel ×1 · Scout Cavalry ×1
Match map
Initial resources + every placement click. Lines = walls · curves = elevation contours. ◆ gold · ⬟ stone · ● berries · ✦ relic · ◌ wall gap
Your base· Open — 3t gap
DolunaK's base· ✓ Closed at 23:56 · 49t walls · 1 gate(s)
Smoothed initial terrain · ◌ = detected wall gap · hover for details
Inputs per minute
— Dr. Wiley!!! - - DolunaK
Build order — Dr. Wiley!!!
First 150 of 264 actions detected
| 0:00 | Create | Villager (Male) |
| 0:00 | Create | Villager (Male) |
| 0:02 | Build | House |
| 0:03 | Build | House |
| 0:07 | Create | Villager (Male) |
| 0:12 | Create | Villager (Male) |
| 1:23 | Create | Villager (Male) |
| 1:57 | Create | Villager (Male) |
| 2:21 | Create | Villager (Male) |
| 2:45 | Create | Villager (Male) |
| 2:51 | Build | Barracks |
| 3:18 | Create | Villager (Male) |
| 3:23 | Build | Palisade Wall |
| 3:24 | Build | Palisade Wall |
| 3:25 | Build | Palisade Wall |
| 3:32 | Create | Villager (Male) |
| 3:46 | Build | House |
| 3:56 | Create | Villager (Male) |
| 4:13 | Create | Militia |
| 4:20 | Create | Villager (Male) |
| 4:32 | Create | Militia |
| 4:51 | Build | Palisade Wall |
| 4:52 | Build | Palisade Wall |
| 5:11 | Create | Villager (Male) |
| 5:13 | Create | Militia ×2 |
| 5:36 | Create | Villager (Male) |
| 5:50 | Build | Palisade Wall |
| 5:51 | Build | House |
| 5:55 | Create | Villager (Male) |
| 6:19 | Create | Villager (Male) |
| 6:24 | Create | Militia |
| 6:28 | Create | Villager (Male) |
| 6:36 | Build | Palisade Wall |
| 6:37 | Build | Palisade Wall |
| 6:37 | Build | Palisade Wall |
| 6:38 | Build | Palisade Wall |
| 6:59 | Create | Villager (Male) |
| 7:13 | Build | Mill |
| 7:16 | Create | Villager (Male) |
| 7:31 | Create | Villager (Male) |
| 7:50 | Create | Villager (Male) |
| 7:56 | Build | House |
| 8:00 | Build | Palisade Wall |
| 8:01 | Build | Palisade Wall |
| 8:20 | Create | Villager (Male) |
| 8:33 | Create | Villager (Male) |
| 8:39 | Build | House |
| 8:41 | Create | Villager (Male) |
| 8:44 | Build | Palisade Wall |
| 8:48 | Build | Palisade Wall |
| 8:49 | Create | Villager (Male) |
| 9:01 | Create | Villager (Male) |
| 9:20 | Build | Lumber Camp |
| 9:30 | Build | Palisade Wall |
| 9:32 | Build | House |
| 9:33 | Create | Villager (Male) |
| 9:45 | Build | Palisade Wall |
| 9:46 | Build | Palisade Wall |
| 10:11 | Research | Loom |
| 10:22 | Build | Mining Camp |
| 10:31 | Build | Palisade Wall |
| 10:31 | Build | Palisade Wall |
| 10:32 | Build | Palisade Wall |
| 10:32 | Build | Palisade Wall |
| 10:34 | Build | Palisade Wall |
| 10:42 | Research | Feudal Age |
| 10:46 | Build | Palisade Wall |
| 10:49 | Build | Palisade Wall |
| 10:57 | Build | Palisade Wall |
| 11:06 | Build | Palisade Wall |
| 11:07 | Build | Palisade Wall |
| 11:09 | Build | Palisade Wall |
| 11:19 | Build | Palisade Wall |
| 11:38 | Create | Villager (Male) |
| 11:46 | Build | Palisade Wall |
| 11:47 | Build | Palisade Wall |
| 12:14 | Build | House |
| 12:20 | Create | Villager (Male) |
| 12:20 | Create | Villager (Male) |
| 12:52 | Age | Feudal Age |
| 13:05 | Build | Market |
| 13:17 | Create | Villager (Male) |
| 13:25 | Build | Blacksmith |
| 13:26 | Create | Villager (Male) |
| 14:26 | Build | Farm |
| 14:26 | Build | Farm |
| 14:27 | Build | Farm |
| 14:27 | Build | Farm |
| 14:27 | Build | Farm |
| 14:27 | Build | Farm |
| 14:28 | Build | Farm |
| 14:42 | Build | Farm |
| 14:51 | Create | Villager (Male) |
| 15:05 | Build | Farm |
| 15:21 | Create | Villager (Male) |
| 15:27 | Build | Farm |
| 15:40 | Build | Farm |
| 15:42 | Create | Villager (Male) |
| 16:00 | Research | Castle Age |
| 16:07 | Build | House |
| 16:10 | Build | House |
| 16:19 | Build | House |
| 16:49 | Create | Villager (Male) |
| 16:52 | Build | House |
| 17:21 | Build | Lumber Camp |
| 17:39 | Research | Double-Bit Axe |
| 17:47 | Create | Villager (Male) |
| 17:57 | Create | Villager (Male) |
| 18:11 | Build | House |
| 18:40 | Age | Castle Age |
| 18:42 | Build | Siege Workshop |
| 18:50 | Build | House |
| 18:52 | Build | House |
| 18:53 | Create | Villager (Male) |
| 19:06 | Build | House |
| 19:09 | Build | Palisade Wall |
| 19:10 | Create | Mangonel |
| 19:16 | Build | Town Center |
| 19:17 | Create | Villager (Male) |
| 20:18 | Create | Mangonel |
| 20:19 | Create | Villager (Male) |
| 20:27 | Create | Villager (Male) |
| 20:27 | Create | Villager (Male) |
| 20:29 | Create | Villager (Male) |
| 20:33 | Build | Farm |
| 20:33 | Build | Farm |
| 20:33 | Build | Farm |
| 20:34 | Build | Farm |
| 20:34 | Build | Farm |
| 20:37 | Create | Villager (Male) |
| 20:41 | Research | Bow Saw |
| 20:43 | Create | Villager (Male) |
| 20:45 | Build | Farm |
| 20:46 | Build | Farm |
| 20:56 | Build | House |
| 20:58 | Create | Villager (Male) |
| 21:09 | Create | Villager (Male) |
| 21:28 | Create | Villager (Male) |
| 21:37 | Build | House |
| 21:41 | Create | Villager (Male) |
| 21:45 | Create | Villager (Male) |
| 22:01 | Create | Mangonel |
| 22:12 | Build | Town Center |
| 22:13 | Create | Villager (Male) |
| 22:18 | Build | Palisade Wall |
| 22:21 | Build | Palisade Wall |
| 22:24 | Create | Villager (Male) |
| 22:42 | Create | Villager (Male) |
| 23:13 | Create | Villager (Male) |
| 23:19 | Build | Farm |
Build order — DolunaK
First 150 of 233 actions detected
| 0:00 | Create | Villager (Male) |
| 0:00 | Create | Villager (Male) |
| 0:01 | Create | Villager (Male) |
| 0:02 | Build | House |
| 0:03 | Build | House |
| 0:06 | Create | Villager (Male) |
| 0:06 | Create | Villager (Male) |
| 1:24 | Create | Villager (Male) |
| 1:24 | Create | Villager (Male) |
| 1:59 | Create | Villager (Male) |
| 1:59 | Create | Villager (Male) |
| 1:59 | Create | Villager (Male) |
| 2:21 | Create | Villager (Male) |
| 2:21 | Create | Villager (Male) |
| 2:25 | Build | Lumber Camp |
| 2:43 | Create | Villager (Male) |
| 2:43 | Create | Villager (Male) |
| 3:06 | Create | Villager (Male) |
| 3:07 | Create | Villager (Male) |
| 3:07 | Create | Villager (Male) |
| 3:31 | Create | Villager (Male) |
| 3:32 | Create | Villager (Male) |
| 3:32 | Create | Villager (Male) |
| 3:48 | Create | Villager (Male) |
| 3:49 | Create | Villager (Male) |
| 4:13 | Build | House |
| 4:38 | Build | Mill |
| 4:44 | Create | Villager (Male) |
| 4:55 | Research | Loom |
| 4:55 | Research | Loom |
| 5:02 | Build | Palisade Wall |
| 5:20 | Create | Villager (Male) |
| 5:43 | Build | Mill |
| 5:45 | Create | Villager (Male) |
| 5:54 | Build | Palisade Wall |
| 5:55 | Build | Palisade Wall |
| 5:58 | Build | Palisade Wall |
| 6:04 | Create | Villager (Male) |
| 6:16 | Build | Palisade Wall |
| 6:18 | Build | Palisade Wall |
| 6:19 | Build | Palisade Wall |
| 6:41 | Create | Villager (Male) |
| 6:47 | Create | Villager (Male) |
| 7:22 | Research | Feudal Age |
| 7:23 | Research | Feudal Age |
| 8:24 | Build | Mining Camp |
| 8:45 | Create | Villager (Male) |
| 8:50 | Build | House |
| 9:05 | Build | Palisade Wall |
| 9:05 | Build | Palisade Wall |
| 9:10 | Build | Palisade Wall |
| 9:10 | Build | Palisade Wall |
| 9:12 | Build | Palisade Wall |
| 9:14 | Build | Palisade Wall |
| 9:24 | Create | Villager (Male) |
| 9:26 | Build | Barracks |
| 9:41 | Age | Feudal Age |
| 10:05 | Create | Villager (Male) |
| 10:07 | Build | House |
| 10:20 | Create | Villager (Male) |
| 10:53 | Create | Villager (Male) |
| 11:16 | Build | Archery Range |
| 11:40 | Create | Villager (Male) |
| 11:50 | Create | Archer |
| 11:50 | Create | Archer |
| 11:56 | Build | Farm |
| 11:58 | Build | Farm |
| 12:04 | Build | House |
| 12:09 | Create | Villager (Male) |
| 12:26 | Research | Double-Bit Axe |
| 12:26 | Research | Double-Bit Axe |
| 12:26 | Research | Double-Bit Axe |
| 12:28 | Create | Villager (Male) |
| 12:36 | Create | Archer |
| 12:50 | Build | Palisade Wall |
| 12:53 | Build | Palisade Wall |
| 12:55 | Build | Palisade Wall |
| 12:57 | Build | Palisade Wall |
| 12:59 | Build | Palisade Wall |
| 13:00 | Build | Palisade Wall |
| 13:03 | Build | Palisade Wall |
| 13:04 | Build | Palisade Wall |
| 13:08 | Build | Palisade Wall |
| 13:15 | Create | Archer |
| 13:23 | Build | House |
| 13:24 | Build | House |
| 13:32 | Research | Town Watch |
| 13:32 | Research | Town Watch |
| 13:39 | Build | Farm |
| 13:42 | Build | Farm |
| 13:43 | Build | Farm |
| 13:51 | Create | Villager (Male) |
| 14:11 | Create | Archer |
| 14:14 | Create | Villager (Male) |
| 14:31 | Create | Villager (Male) |
| 14:34 | Build | House |
| 14:44 | Build | House |
| 15:00 | Build | Gate |
| 15:03 | Build | Market |
| 15:10 | Build | Blacksmith |
| 15:14 | Build | House |
| 15:19 | Create | Villager (Male) |
| 15:23 | Build | House |
| 15:24 | Build | Palisade Wall |
| 15:25 | Build | Palisade Wall |
| 15:32 | Create | Villager (Male) |
| 15:47 | Build | Watch Tower |
| 15:48 | Create | Villager (Male) |
| 15:51 | Build | Farm |
| 15:57 | Create | Archer |
| 16:06 | Create | Archer |
| 16:13 | Create | Villager (Male) |
| 16:20 | Build | Farm |
| 16:23 | Research | Fletching |
| 16:24 | Research | Fletching |
| 16:24 | Create | Villager (Male) |
| 16:24 | Create | Villager (Male) |
| 16:27 | Build | House |
| 16:28 | Build | House |
| 16:46 | Create | Villager (Male) |
| 16:53 | Build | Farm |
| 17:03 | Create | Archer |
| 17:05 | Create | Archer |
| 17:11 | Create | Villager (Male) |
| 17:25 | Build | Farm |
| 17:39 | Create | Archer |
| 17:45 | Build | Palisade Wall |
| 17:46 | Build | Palisade Wall |
| 17:47 | Build | Palisade Wall |
| 17:52 | Build | House |
| 17:55 | Build | Palisade Wall |
| 17:56 | Create | Villager (Male) |
| 17:57 | Create | Archer |
| 17:58 | Create | Archer |
| 18:11 | Create | Archer |
| 18:20 | Create | Villager (Male) |
| 18:23 | Build | Farm |
| 18:28 | Build | Farm |
| 19:00 | Create | Villager (Male) |
| 19:06 | Create | Archer |
| 19:17 | Create | Villager (Male) |
| 19:25 | Create | Villager (Male) |
| 19:30 | Build | Stable |
| 20:28 | Build | House |
| 20:28 | Create | Villager (Male) |
| 20:33 | Create | Villager (Male) |
| 20:39 | Build | Palisade Gate |
| 20:40 | Build | Palisade Wall |
| 20:41 | Build | Palisade Wall |
| 21:16 | Research | Castle Age |
Match timeline
| 2:51 | Dr. Wiley!!! · first_building Barracks |
| 3:23 | Dr. Wiley!!! · wall_segment Palisade Wall x1 |
| 3:24 | Dr. Wiley!!! · wall_segment Palisade Wall x1 |
| 3:25 | Dr. Wiley!!! · wall_segment Palisade Wall x1 |
| 4:51 | Dr. Wiley!!! · wall_segment Palisade Wall x1 |
| 4:52 | Dr. Wiley!!! · wall_segment Palisade Wall x1 |
| 5:02 | DolunaK · wall_segment Palisade Wall x1 |
| 5:50 | Dr. Wiley!!! · wall_segment Palisade Wall x1 |
| 5:54 | DolunaK · wall_segment Palisade Wall x1 |
| 5:55 | DolunaK · wall_segment Palisade Wall x1 |
| 5:58 | DolunaK · wall_segment Palisade Wall x1 |
| 6:16 | DolunaK · wall_segment Palisade Wall x1 |
| 6:18 | DolunaK · wall_segment Palisade Wall x1 |
| 6:19 | DolunaK · wall_segment Palisade Wall x1 |
| 6:36 | Dr. Wiley!!! · wall_segment Palisade Wall x1 |
| 6:37 | Dr. Wiley!!! · wall_segment Palisade Wall x1 |
| 6:37 | Dr. Wiley!!! · wall_segment Palisade Wall x1 |
| 6:38 | Dr. Wiley!!! · wall_segment Palisade Wall x1 |
| 8:00 | Dr. Wiley!!! · wall_segment Palisade Wall x1 |
| 8:01 | Dr. Wiley!!! · wall_segment Palisade Wall x1 |
| 8:44 | Dr. Wiley!!! · wall_segment Palisade Wall x1 |
| 8:48 | Dr. Wiley!!! · wall_segment Palisade Wall x1 |
| 9:05 | DolunaK · wall_segment Palisade Wall x1 |
| 9:05 | DolunaK · wall_segment Palisade Wall x1 |
| 9:10 | DolunaK · wall_segment Palisade Wall x1 |
| 9:10 | DolunaK · wall_segment Palisade Wall x1 |
| 9:12 | DolunaK · wall_segment Palisade Wall x1 |
| 9:14 | DolunaK · wall_segment Palisade Wall x1 |
| 9:26 | DolunaK · first_building Barracks |
| 9:30 | Dr. Wiley!!! · wall_segment Palisade Wall x1 |
| 9:41 | DolunaK · age_up feudal |
| 9:45 | Dr. Wiley!!! · wall_segment Palisade Wall x1 |
| 9:46 | Dr. Wiley!!! · wall_segment Palisade Wall x1 |
| 10:31 | Dr. Wiley!!! · wall_segment Palisade Wall x2 |
| 10:31 | Dr. Wiley!!! · wall_segment Palisade Wall x2 |
| 10:32 | Dr. Wiley!!! · wall_segment Palisade Wall x2 |
| 10:32 | Dr. Wiley!!! · wall_segment Palisade Wall x1 |
| 10:34 | Dr. Wiley!!! · wall_segment Palisade Wall x1 |
| 10:46 | Dr. Wiley!!! · wall_segment Palisade Wall x9 |
| 10:49 | Dr. Wiley!!! · wall_segment Palisade Wall x7 |
| 10:57 | Dr. Wiley!!! · wall_segment Palisade Wall x10 |
| 11:06 | Dr. Wiley!!! · wall_segment Palisade Wall x1 |
| 11:07 | Dr. Wiley!!! · wall_segment Palisade Wall x1 |
| 11:09 | Dr. Wiley!!! · wall_segment Palisade Wall x1 |
| 11:16 | DolunaK · first_building Archery Range |
| 11:19 | Dr. Wiley!!! · wall_segment Palisade Wall x3 |
| 11:46 | Dr. Wiley!!! · wall_segment Palisade Wall x1 |
| 11:47 | Dr. Wiley!!! · wall_segment Palisade Wall x1 |
| 12:50 | DolunaK · wall_segment Palisade Wall x1 |
| 12:52 | Dr. Wiley!!! · age_up feudal |
| 12:53 | DolunaK · wall_segment Palisade Wall x1 |
| 12:55 | DolunaK · wall_segment Palisade Wall x1 |
| 12:57 | DolunaK · wall_segment Palisade Wall x1 |
| 12:59 | DolunaK · wall_segment Palisade Wall x1 |
| 13:00 | DolunaK · wall_segment Palisade Wall x1 |
| 13:03 | DolunaK · wall_segment Palisade Wall x1 |
| 13:04 | DolunaK · wall_segment Palisade Wall x1 |
| 13:08 | DolunaK · wall_segment Palisade Wall x1 |
| 14:12 | Dr. Wiley!!! · first_market_buy 100 food |
| 14:17 | Dr. Wiley!!! · first_market_sell 100 stone |
| 15:24 | DolunaK · wall_segment Palisade Wall x3 |
| 15:25 | DolunaK · wall_segment Palisade Wall x1 |
| 17:45 | DolunaK · wall_segment Palisade Wall x1 |
| 17:46 | DolunaK · wall_segment Palisade Wall x1 |
| 17:47 | DolunaK · wall_segment Palisade Wall x1 |
| 17:55 | DolunaK · wall_segment Palisade Wall x14 |
| 18:40 | Dr. Wiley!!! · age_up castle |
| 18:42 | Dr. Wiley!!! · first_building Siege Workshop |
| 19:09 | Dr. Wiley!!! · wall_segment Palisade Wall x1 |
| 19:30 | DolunaK · first_building Stable |
| 20:29 | DolunaK · first_market_buy 100 food |
| 20:40 | DolunaK · wall_segment Palisade Wall x5 |
| 20:41 | DolunaK · wall_segment Palisade Wall x6 |
| 20:49 | DolunaK · first_market_sell 100 wood |
| 22:18 | Dr. Wiley!!! · wall_segment Palisade Wall x1 |
| 22:21 | Dr. Wiley!!! · wall_segment Palisade Wall x1 |
| 23:51 | Dr. Wiley!!! · first_building Stable |
| 23:56 | DolunaK · age_up castle |
| 24:01 | DolunaK · first_building Siege Workshop |
| 26:35 | DolunaK · first_building Monastery |
| 31:19 | DolunaK · resign |
[ AI ANALYSIS · 1 CREDIT ]
What really happened in this match?
Wolo.gg analyzes every decision: build order, eco, micro, common mistakes by bracket. Personalized analysis on WhatsApp or Discord in 30 seconds.
Civ guide
Slavs
Perfil
Jugador #21733994